 Dungeon Crawl Stone Soup version 0.25-a0-528-g6b7c99946c (webtiles) character file.

Game seed: 5779136254985038254, levelgen mode: deterministic

5443 Flugslaktarn the Cleaver (level 10, -3/94 HPs)
             Began as a Deep Dwarf Fighter on Feb 19, 2020.
             Was a Believer of Makhleb.
             Blown up by a kobold (29 damage)
             ... with a disintegration bolt
             ... on level 9 of the Dungeon.
             The game lasted 00:03:14 (4753 turns).

Flugslaktarn the Cleaver (Deep Dwarf Fighter)       Turns: 4753, Time: 00:03:15

Health: -3/94      AC: 21    Str: 23    XL:     10   Next: 41%
Magic:  5/5        EV:  5    Int:  9    God:    Makhleb [**....]
Gold:   555        SH: 11    Dex: 12    Spells: 9/9 levels left

rFire    + . .     SeeInvis .   a - +0 war axe
rCold    . . .     Gourm    .   c - +0 kite shield
rNeg     . . .     Faith    .   m - +1 plate armour
rPois    .         Spirit   .   (no helmet)
rElec    .         Reflect  .   b - +2 cloak
rCorr    .         Harm     .   i - +2 pair of gloves
MR       +....                  (no boots)
Stlth    ..........             (no amulet)
HPRegen  0.00/turn              f - ring of protection from fire
MPRegen  0.09/turn              (no ring)

@: lethally poisoned (-3 -> -3), non-regenerating, slowed, very slow
A: damage resistance, heal wounds, sense surroundings 2, no regeneration
a: Heal Wounds, Minor Destruction, Renounce Religion


You were on level 9 of the Dungeon.
You worshipped Makhleb.
Makhleb was pleased with you.
You were not hungry.

You visited 2 branches of the dungeon, and saw 10 of its levels.

You collected 555 gold pieces.

Inventory:

Hand Weapons
 a - a +0 war axe (weapon)
Armour
 b - a +2 cloak (worn)
   (You found it on level 3 of the Dungeon)
 c - a +0 kite shield (worn)
 g - a scarf of repulsion
   (You found it on level 9 of the Dungeon)
 i - a +2 pair of gloves (worn)
   (You found it on level 7 of the Dungeon)
 m - a +1 plate armour (worn)
   (You found it on level 1 of the Dungeon)
Jewellery
 f - a ring of protection from fire (left hand)
   (You found it on level 6 of the Dungeon)
 l - an uncursed amulet of guardian spirit {unknown}
   (You found it on level 8 of the Dungeon)
 u - a cursed amulet of inaccuracy {unknown}
   (You found it on level 8 of the Dungeon)
Wands
 k - a wand of scattershot (7)
   (You found it on level 4 of the Dungeon)
 s - a wand of acid (3)
   (You found it on level 8 of the Dungeon)
Scrolls
 j - a scroll of magic mapping
 o - a scroll of enchant armour
 r - a scroll of identify
 t - 3 scrolls of teleportation
 w - a scroll of remove curse
Potions
 d - 2 potions of might
 h - 3 potions of haste
 n - a potion of resistance
 p - 2 potions of lignification
 q - 2 potions of curing {unknown}
Comestibles
 e - 16 rations
 v - 13 chunks of flesh


   Skills:
 + Level 7.0 Fighting
 * Level 10.9 Axes
 + Level 8.3 Armour
 + Level 8.3 Shields


You had 9 spell levels left.
You didn't know any spells.
Your spell library was empty.

Dungeon Overview and Level Annotations

Branches:
Dungeon (9/15)             Temple (1/1) D:7            Lair (0/6) D:8
    Orc: D:9-12

Altars:
Ashenzari
Cheibriados
Dithmenos
Elyvilon
Gozag
Hepliaklqana
Kikubaaqudgha
Makhleb
Nemelex Xobeh
Okawaru
Qazlal
Ru
Sif Muna
Trog
Uskayaw
Vehumet
Wu Jian
Xom
Yredelemnul
Zin
The Shining One

Shops:
D:6 [


Innate Abilities, Weirdness & Mutations

You are resistant to damage.
You can heal yourself by infusing magical energy.
You passively map the area around you.
You do not regenerate.


Message History

The kobold throws a curare-tipped dart.
The curare-tipped dart hits you.
You are poisoned.
You have difficulty breathing.
You feel yourself slow down.
The kobold throws a curare-tipped dart.
You block the curare-tipped dart.
You hear a splash.
A kobold comes into view.
You see here a curare-tipped dart.
The kobold throws a curare-tipped dart.
You block the curare-tipped dart.
You hear a splash.
The kobold zaps a wand.
You are blasted!
* * * LOW HITPOINT WARNING * * *
You block the big kobold's attack.
You see here a curare-tipped dart.
There are monsters nearby!
There are monsters nearby!
There are monsters nearby!
You are too injured to fight recklessly!
The big kobold hits you but does no damage.
The kobold zaps a wand.
You are blasted!
You die...

....###. , ,* , , ,
.............≈≈≈........,
..............≈≈........
.....# #......≈≈≈≈......
* .....#
#.......≈........, .....#
#.....≈≈......... *
.....# #......≈≈.≈K.K...
, , .....#
#......≈≈K.≈..... .....#
#....†≈≈(@......., .....#
#......(≈.≈...... *
.....# #.....≈≈≈..≈.....
.....# #....≈≈≈≈≈.≈.....,
.....# #.......≈≈.......,
.....# #.)[......≈≈.....,
* .....#
#...).≈≈≈........ ,
.....# #......≈≈........
, , .....#
#.....#≈≈#..... , ,


You could see a big kobold and 2 kobolds.

Vanquished Creatures
  A two-headed ogre (D:7)
  Grinder (D:4)
  A hornet (D:9)
  2 hippogriffs (D:8)
  A yak (D:8)
  A wyvern (D:8)
  2 humans (D:7)
  A steam dragon (D:8)
  A porcupine (D:8)
  A hornet zombie (D:8)
  2 orc warriors
  2 sky beasts
  2 black bears
  2 centaurs
  6 ogres
  6 bullfrogs
  A scorpion (D:7)
  3 killer bees (D:8)
  6 wights (D:8)
  A howler monkey (D:4)
  2 bullfrog zombies
  5 crimson imps
  5 hounds
  A jelly (D:6)
  A gnoll shaman (D:8)
  3 orc priests
  5 orc wizards
  4 iguanas
  4 worker ants
  A hound skeleton (D:9)
  9 gnolls
  3 adders
  An adder zombie (D:6)
  An adder skeleton (D:4)
  2 worms
  A dart slug (D:1)
  2 leopard geckos
  20 orcs
  6 giant cockroaches
  2 hobgoblins (D:1)
  8 jackals
  2 quokkas
  4 bats
  4 frilled lizards
  9 goblins
  A jackal zombie (D:5)
  2 kobolds
  A quokka skeleton (D:6)
  3 rats
  A plant (D:8)
156 creatures vanquished.

Notes
Turn   | Place    | Note
-------+----------+-------------------------------------------
     0 | D:1      | Flugslaktarn the Deep Dwarf Fighter began the quest for the
                  | Orb.
     0 | D:1      | Reached XP level 1. HP: 20/20 MP: 1/1
    61 | D:1      | Reached XP level 2. HP: 21/27 MP: 2/2
   226 | D:3      | Found a white marble altar of Elyvilon.
   256 | D:3      | Noticed a crimson imp
   291 | D:3      | Killed a crimson imp
   291 | D:3      | Reached skill level 3 in Axes
   291 | D:3      | Reached XP level 3. HP: 20/34 MP: 3/3
   321 | D:3      | Reached XP level 4. HP: 25/42 MP: 4/4
   398 | D:4      | Reached skill level 4 in Axes
   398 | D:4      | Reached XP level 5. HP: 40/49 MP: 4/4
   404 | D:4      | Noticed an ogre
   412 | D:4      | Killed an ogre
   570 | D:4      | Reached XP level 6. HP: 55/56 MP: 5/5
   841 | D:4      | Noticed Grinder
   860 | D:4      | Reached skill level 5 in Axes
   904 | D:4      | Killed Grinder
   904 | D:4      | Reached XP level 7. HP: 27/64 MP: 6/6
   918 | D:4      | Reached skill level 5 in Shields
  1195 | D:5      | Entered Level 5 of the Dungeon
  1228 | D:5      | Reached skill level 5 in Armour
  1362 | D:5      | Reached skill level 6 in Axes
  1462 | D:5      | Found a sacrificial altar of Ru.
  1607 | D:5      | Found a shattered altar of Ashenzari.
  2158 | D:6      | Reached XP level 8. HP: 39/73 MP: 6/6
  2351 | D:6      | Reached skill level 7 in Axes
  2530 | D:6      | Reached skill level 5 in Fighting
  2544 | D:6      | Found Irulen Urergh's Armour Boutique.
  3077 | D:7      | Found an iron altar of Okawaru.
  3112 | D:7      | Found a hazy altar of Hepliaklqana.
  3216 | D:7      | Noticed a two-headed ogre
  3231 | D:7      | Killed a two-headed ogre
  3231 | D:7      | Reached skill level 8 in Axes
  3231 | D:7      | Gained mutation: You passively map the area around you.
                  | [Deep Dwarf growth]
  3231 | D:7      | Reached XP level 9. HP: 41/82 MP: 7/7
  3261 | D:7      | Found a staircase to the Ecumenical Temple.
  3290 | Temple   | Entered the Ecumenical Temple
  3400 | Temple   | Became a worshipper of Makhleb the Destroyer
  3612 | D:7      | Reached skill level 9 in Axes
  4180 | D:8      | Found an opulent altar of Gozag.
  4183 | D:8      | Found a snail-covered altar of Cheibriados.
  4201 | D:8      | Found a shadowy altar of Dithmenos.
  4201 | D:8      | Found a bloodstained altar of Trog.
  4223 | D:8      | Reached skill level 10 in Axes
  4262 | D:8      | Reached * piety under Makhleb
  4267 | D:8      | Reached XP level 10. HP: 37/92 MP: 6/6
  4402 | D:8      | Found a sparkling altar of Nemelex Xobeh.
  4540 | D:8      | Found a staircase to the Lair.
  4711 | D:9      | Reached ** piety under Makhleb
  4753 | D:9      | Blown up by a kobold

Levels and vault maps discovered:
D:1:      dpeg_arrival_erosion, layout_basic, minmay_misc_feat_rows
D:2:      layout_rooms, serial_glass, glass_columns_b, glass_columns_a,
          uniq_terence
D:3:      layout_basic, elyvilon_altar_5
D:4:      layout_gridville, uniq_grinder
D:5:      layout_basic, cheibrodos_ashenzari_chains, kennysheep_mini_moat,
          first_ration, glass_columns_a, grunt_ministairs_6
D:6:      layout_basic, serial_shops, shop_coins, minmay_ogre_servants
D:7:      layout_basic, okawaru_humans, minmay_temple_entry_hall, basic_altar
D:8:      layout_rooms, grunt_temple_overflow_open, lemuel_round_altar,
          grunt_lair_entry_orc_guard_hut, skrybe_limestone_x, abandoned_shop
D:9:      layout_long_grid, fedhas_altar_3, serial_rivers,
          chequers_serial_rivers_marsh, chequers_serial_rivers_room_b,
          chequers_serial_rivers_small_a, chequers_serial_rivers_marsh,
          chequers_serial_rivers_large_a, chequers_serial_rivers_small_3
Temple:   hc_temple_tempest_star

Skill      XL: |  1  2  3  4  5  6  7  8  9 10 |
---------------+-------------------------------+-----
Fighting       | 3 4 5 6 7 |  7.0
Axes           | 3 4 5 6 8 10 | 10.9
Armour         | 4 5 6 7 8 |  8.3
Shields        | 4 5 6 7 8 |  8.3

Action                   |  1- 3 |  4- 6 |  7- 9 | 10-12 || total
-------------------------+-------+-------+-------+-------++-------
Melee: War axe           |    74 |   106 |   423 |   103 ||   706
 Abil: Heal Wounds       |       |     3 |    10 |     4 ||    17
  Use: Scroll            |       |       |    10 |       ||    10
  Eat: Chunk             |       |       |    12 |     2 ||    14
Armor: Scale mail        |    11 |       |       |       ||    11
       Plate armour      |    41 |    84 |   209 |   100 ||   434
       Chain mail        |       |       |    29 |       ||    29
Dodge: Dodged            |     9 |    13 |    83 |    20 ||   125
Block: Kite shield       |    47 |    67 |   241 |    93 ||   448

Table legend:
 A = Non-vault XP
 B = Vault XP
 C = Vault XP percentage of total XP
 D = Non-vault monster count
 E = Vault monster count
 F = Vault count percentage of total count
                 A         B        C        D         E       F
            +---------+---------+-------+---------+---------+-------
      Total |    6126 |    1650 |  21.2 |     136 |      19 |  12.3
            +---------+---------+-------+---------+---------+-------
        D:1 |      16 |       0 |   0.0 |       9 |       0 |   0.0
        D:2 |       8 |       0 |   0.0 |       4 |       0 |   0.0
        D:3 |      98 |       0 |   0.0 |       6 |       0 |   0.0
        D:4 |     436 |     286 |  39.6 |      23 |       1 |   4.2
        D:5 |     488 |      37 |   7.0 |      17 |       1 |   5.6
        D:6 |     479 |     143 |  23.0 |      13 |       9 |  40.9
        D:7 |    1788 |     371 |  17.2 |      20 |       2 |   9.1
        D:8 |    2059 |     813 |  28.3 |      33 |       6 |  15.4
        D:9 |     754 |       0 |   0.0 |      11 |       0 |   0.0
            +---------+---------+-------+---------+---------+-------
